 Dungeon Crawl Stone Soup version 0.31.0-4-g52a2dc7128 (webtiles) character file.

Game seed: 9475798649907534939

2950 mdonais the Destroyer (level 10, -1/56 HPs)
             Began as a Kobold Reaver on Jan 23, 2024.
             Was an Initiate of Hepliaklqana.
             Engulfed by a cloud of steam (11 damage)
             ... on level 8 of the Dungeon.
             The game lasted 00:57:08 (11831 turns).

mdonais the Destroyer (Kobold Reaver)              Turns: 11831, Time: 00:57:09

Health: -1/56      AC:  3    Str: 15    XL:     10   Next: 7%
Magic:  18/28      EV: 15    Int: 19    God:    Hepliaklqana [......]
Gold:   265        SH:  0    Dex: 14    Spells: 3/21 levels left

rFire   . . .        a - staff of conjuration
rCold   . . .        (shield currently unavailable)
rNeg    . . .        s - +0 robe
rPois   .            (no helmet)
rElec   .            (no cloak)
rCorr   .            m - +0 pair of gloves
SInv    .            (no boots)
Will    .....        (no amulet)
Stlth   ++++         z - ring of magical power
HPRegen 0.29/turn    p - +6 ring of strength
MPRegen 0.21/turn

%: no passive effects
@: immotile, studying Shapeshifting
A: small, no large weapons, nightstalker 3
a: Renounce Religion


You were on level 8 of the Dungeon.
You worshipped Hepliaklqana.
Hepliaklqana was noncommittal.
You visited 1 branch of the dungeon, and saw 8 of its levels.
You also visited: Sewer.

You collected 265 gold pieces.

Inventory:

Hand Weapons
 b - a +0 rapier
   (You found it on level 1 of the Dungeon)
 d - a +0 dagger
   (You took it off a kobold on level 1 of the Dungeon)
 w - a +0 short sword
 F - a +0 orcbow
   (You took it off a centaur on level 6 of the Dungeon)
Missiles
 q - a poisoned dart (quivered)
 Z - 2 throwing nets {=!f}
Armour
 e - a +0 leather armour
 m - a +0 pair of gloves (worn)
   (You found it on level 2 of the Dungeon)
 s - a +0 robe (worn)
   (You took it off a gnoll bouda on level 5 of the Dungeon)
 v - a +1 chain mail of poison resistance
   (You found it on level 3 of the Dungeon)
Magical Staves
 a - a staff of conjuration (weapon)
   (You found it on level 4 of the Dungeon)
 C - a staff of fire
   (You took it off an orc on level 6 of the Dungeon)
Jewellery
 g - the ring of Joitokh {rN+ Str+2}
   (You found it on level 2 of the Dungeon)

   [ring of positive energy]

   Str+2:     It affects your strength (+2).
   rN+:       It protects you from negative energy.
 p - a +6 ring of strength (right hand)
   (You took it off an orc on level 3 of the Dungeon)
 z - a ring of magical power (left hand)
   (You found it on level 5 of the Dungeon)
Talismans
 l - a beast talisman
   (You found it on level 5 of the Dungeon)
Wands
 j - a wand of quicksilver (4)
   (You found it on level 4 of the Dungeon)
 u - a wand of roots (11)
   (You found it on level 3 of the Dungeon)
 P - a wand of paralysis (8)
   (You found it on level 7 of the Dungeon)
Scrolls
 i - 2 scrolls of enchant weapon
 o - a scroll of fog
 r - a scroll of vulnerability {unknown}
 x - a scroll of brand weapon {unknown}
 y - 3 scrolls of immolation {unknown}
 D - a scroll of revelation
 E - 2 scrolls of amnesia {unknown}
 R - a scroll of identify
 T - 2 scrolls of teleportation
Potions
 c - 2 potions of attraction {unknown}
 f - a potion of magic {unknown}
 h - 3 potions of enlightenment {unknown}
 k - 2 potions of invisibility {unknown}
 n - a potion of ambrosia {unknown}
 t - 3 potions of heal wounds
 A - 2 potions of might {unknown}
 H - a potion of haste


   Skills:
 + Level 3.0 Fighting
 - Level 4.0 Short Blades
 + Level 3.0 Dodging
 - Level 4.0 Stealth
 - Level 6.3 Spellcasting
 - Level 8.0 Conjurations
 - Level 0.2 Translocations
 - Level 3.0 Air Magic
 - Level 6.3 Earth Magic
 - Level 2.0 Alchemy
 - Level 4.0 Evocations


You had 3 spell levels left.
You knew the following spells:

 Your Spells              Type           Power      Damage    Failure   Level
a - Shock                 Conj/Air       100%       1d9       1%          1
b - Momentum Strike       Conj/Tloc      64%        3d9       3%          2
c - Brom's Barrelling Bo  Conj/Erth      50%        2d7       5%          4
d - Mephitic Cloud        Conj/Alch/Air  33%        N/A       5%          3
e - Kiss of Death         Conj/Necr      100%       2d13      1%          1
f - Swiftness             Air            17%        N/A       10%         3
g - Iskenderun's Mystic   Conj/Tloc      32%        2d8       21%         4

Your spell library contained the following spells:

 Spells                   Type           Power      Damage    Failure   Level
 Hailstorm                Conj/Ice       31%        3d8       6%          3
 Cigotuvi's Dreadful Rot  Necr/Alch/Air  24%        N/A       9%          2
 Call Canine Familiar     Summ           6%         N/A       32%         3
 Sigil of Binding         Hex            6%         N/A       32%         3
 Tukima's Dance           Hex            6%         N/A       32%         3
 Iskenderun's Battlesphe  Conj           53%        2d10      11%         5
 Airstrike                Air            8%         2d(2-18)  30%         4
 Arcjolt                  Conj/Air       20%        1d30      30%         5
 Irradiate                Conj/Alch      18%        3d17      36%         5
 Summon Lightning Spire   Summ/Air       11%        N/A       50%         4
 Fireball                 Conj/Fire      15%        3d8       50%         5
 Freezing Cloud           Conj/Ice/Air   15%        6-21      54%         5
 Ignite Poison            Fire/Alch      9%         N/A       56%         4
 Dimensional Bullseye     Hex/Tloc       3%         N/A       71%         4
 Conjure Ball Lightning   Conj/Air       20%        3x3d6     86%         6
 Orb of Destruction       Conj           26%        9d9       98%         7


Dungeon Overview and Level Annotations

Branches:
Dungeon (8/15) Zot: 26898   Sewer (visited)
 Temple: D:4-7         Lair: D:8-11

Altars:
Hepliaklqana
Okawaru
Yredelemnul
Zin

Annotations:
D:7 exclusion: hornet


Innate Abilities, Weirdness & Mutations

You are small and have problems with some larger weapons.
You are completely attuned to the shadows.


Message History

< or
g - the ring of Joitokh {rN+ Str+2} > or
p - a +6 ring of strength You remove the ring of Joitokh {rN+ Str+2}.
You feel your magic capacity increase.
z - a ring of magical power (left hand)
A centaur comes into view.
Casting: Shock (safe; 1% risk of failure)
Confirm with . or Enter, or press ? or * to list all spells.
Aiming: Shock (safe; 1% risk of failure)
Press: ? - help, Shift-Dir - straight line, f - centaur
Aim: a centaur (asleep, 100% to hit)
You feel a surge of power!
The zap hits the centaur.
The centaur is lightly wounded.
The centaur shouts!
The centaur wields a +0 orcbow.
The centaur shoots an arrow.
The arrow hits you!
You take 10 damage, and have 46/56 hp.
You now have 19/28 mp.
Casting: Shock (safe; 1% risk of failure)
Confirm with . or Enter, or press ? or * to list all spells.
Aiming: Shock (safe; 1% risk of failure)
Press: ? - help, Shift-Dir - straight line, f/p - centaur
Aim: a centaur, wielding a +0 orcbow (lightly wounded, 84% to hit)
You feel a surge of power!
The zap misses the centaur.
The centaur shoots an arrow.
The arrow hits you!
The centaur shoots an arrow.
The arrow barely misses you.
You take 7 damage, and have 39/56 hp.
You now have 18/28 mp.
The centaur shoots an arrow.
The arrow hits you!
You take 6 damage, and have 33/56 hp.
Found a stone staircase leading up.
There is a stone staircase leading up here.
You start resting.
A steam dragon comes into view.
You climb upwards.
Level annotation: exclusion: hornet
There is a stone staircase leading down here.
You start resting.
Magic restored.
You regained 9 hp, and now have 45/56 hp.
MP restored: 28 You start resting.
HP restored.
Health restored: 56 You climb downwards.
There is a stone staircase leading up here.
Casting: Shock (safe; 1% risk of failure)
Confirm with . or Enter, or press ? or * to list all spells.
Aiming: Shock (safe; 1% risk of failure)
Press: ? - help, Shift-Dir - straight line, f - steam dragon
Aim: a steam dragon (water, wandering, hasn't noticed you, 74% to hit)
You feel a surge of power!
The zap hits the steam dragon.
The steam dragon is moderately wounded.
You now have 27/28 mp.
Casting: Shock (safe; 1% risk of failure)
Confirm with . or Enter, or press ? or * to list all spells.
Aiming: Shock (safe; 1% risk of failure)
Press: ? - help, Shift-Dir - straight line, f/p - steam dragon
Aim: a steam dragon (water, moderately wounded, 74% to hit)
You feel a surge of power!
The zap hits the steam dragon.
The steam dragon is moderately wounded.
The steam dragon breathes steam at you. The ball of steam misses you.
You now have 26/28 mp.
Casting: Shock (safe; 1% risk of failure)
Confirm with . or Enter, or press ? or * to list all spells.
You can't see any susceptible monsters within range! (Use Z to cast anyway.) Unknown command.
Casting: Shock (safe; 1% risk of failure)
Confirm with . or Enter, or press ? or * to list all spells.
Aiming: Shock (safe; 1% risk of failure)
Press: ? - help, Shift-Dir - straight line You feel a surge of power!
You are engulfed in a cloud of scalding steam.
You take 3 damage, and have 53/56 hp.
You now have 25/28 mp.
Casting: Shock (safe; 1% risk of failure)
Confirm with . or Enter, or press ? or * to list all spells.
Aiming: Shock (safe; 1% risk of failure)
Press: ? - help, Shift-Dir - straight line, f - steam dragon
Aim: a steam dragon (moderately wounded, catching its breath, 74% to hit)
You feel a surge of power!
The zap misses the steam dragon.
You are engulfed in a cloud of scalding steam.
You take 4 damage, and have 49/56 hp.
You now have 24/28 mp.
Casting: Shock (safe; 1% risk of failure)
Confirm with . or Enter, or press ? or * to list all spells.
Aiming: Shock (safe; 1% risk of failure)
Press: ? - help, Shift-Dir - straight line, f/p - steam dragon
Aim: a steam dragon (steam, moderately wounded, catching its breath, 74% to hit)
You feel a surge of power!
The zap hits the steam dragon.
The steam dragon is heavily wounded.
You are engulfed in a cloud of scalding steam.
The steam dragon bites you but does no damage.
The steam dragon claws you but does no damage.
You take 3 damage, and have 46/56 hp.
Casting: Shock (safe; 1% risk of failure)
Confirm with . or Enter, or press ? or * to list all spells.
Aiming: Shock (safe; 1% risk of failure)
Press: ? - help, Shift-Dir - straight line, f/p - steam dragon
Aim: a steam dragon (heavily wounded, 74% to hit)
You feel a surge of power!
The zap misses the steam dragon.
You are engulfed in a cloud of scalding steam.
The steam dragon bites you. The steam dragon completely misses you.
You take 14 damage, and have 32/56 hp.
MASSIVE DAMAGE!!
You now have 23/28 mp.
Casting: Shock (safe; 1% risk of failure)
Confirm with . or Enter, or press ? or * to list all spells.
Aiming: Shock (safe; 1% risk of failure)
Press: ? - help, Shift-Dir - straight line, f/p - steam dragon
Aim: a steam dragon (heavily wounded, 74% to hit)
You feel a surge of power!
The zap hits the steam dragon.
The steam dragon is heavily wounded.
The steam dragon barely misses you. x2
You now have 22/28 mp.
Casting: Shock (safe; 1% risk of failure)
Confirm with . or Enter, or press ? or * to list all spells.
Aiming: Shock (safe; 1% risk of failure)
Press: ? - help, Shift-Dir - straight line, f/p - steam dragon
Aim: a steam dragon (heavily wounded, 74% to hit)
You feel a surge of power!
The zap hits the steam dragon.
The steam dragon is severely wounded.
The steam dragon completely misses you. The steam dragon closely misses you.
You now have 21/28 mp.
Casting: Shock (safe; 1% risk of failure)
Confirm with . or Enter, or press ? or * to list all spells.
Aiming: Shock (safe; 1% risk of failure)
Press: ? - help, Shift-Dir - straight line, f/p - steam dragon
Aim: a steam dragon (severely wounded, 74% to hit)
You feel a surge of power!
The zap misses the steam dragon.
The steam dragon bites you. The steam dragon barely misses you.
You take 6 damage, and have 27/56 hp.
You now have 20/28 mp.
Casting: Shock (safe; 1% risk of failure)
Confirm with . or Enter, or press ? or * to list all spells.
Aiming: Momentum Strike (safe; 3% risk of failure)
Press: ? - help, Dir - move target, f/p - steam dragon
Aim: a steam dragon (severely wounded, 74% to hit)
You feel a surge of power!
The concentrated momentum hits the steam dragon!
The steam dragon is almost dead.
You are unable to move.
The steam dragon breathes steam at you. The ball of steam hits you!
* * * LOW HITPOINT WARNING * * *
You take 17 damage, and have 10/56 hp.
MASSIVE DAMAGE!!
You now have 19/28 mp.
Casting: Momentum Strike (safe; 3% risk of failure)
Confirm with . or Enter, or press ? or * to list all spells.
Aiming: Shock (safe; 1% risk of failure)
Press: ? - help, Shift-Dir - straight line, f/p - steam dragon
Aim: a steam dragon (almost dead, catching its breath, 74% to hit)
You feel a surge of power!
The zap hits the steam dragon.
You kill the steam dragon!
The steam dragon scales are intact enough to wear.
You are engulfed in a cloud of scalding steam.
You die...

.. ....
.#.##..#
<...#..###
..§.......
...§#<.####
#@#.....
##[..≈≈≈
#..≈≈≈≈
#..≈≈_≈
#..≈≈.≈
....≈≈.≈
.....≈≈.≈
#.#..≈...


There were no monsters in sight!

Vanquished Creatures
  Grinder (D:3)
  A steam dragon (D:8)
  Duvessa (D:7)
  An orc warrior (D:7)
  2 black bears (D:6)
  2 sky beasts
  An ogre (D:4)
  2 centaurs (D:6)
  A kobold brigand (D:7)
  4 bullfrogs
  4 scorpions
  Dowan (D:7)
  11 killer bees
  A bombardier beetle (D:5)
  2 gnoll boudas
  3 hounds
  3 jellies
  2 orc priests (D:5)
  6 iguanas
  An orc wizard (D:7)
  10 gnolls
  11 adders
  2 white imps
  11 dart slugs
  3 ribbon worms
  8 orcs
  9 ball pythons
  9 endoplasms
  24 giant cockroaches
  3 goblins
  3 hobgoblins
  12 jackals
  9 kobolds
  2 quokkas
  A bat (D:1)
  11 frilled lizards
  2 rats
180 creatures vanquished.

Vanquished Creatures (collateral kills)
  A boulder (D:7)
1 creature vanquished.

Vanquished Creatures (others)
  3 boulders (D:3)
3 creatures vanquished.

Grand Total: 184 creatures vanquished

Notes
Turn   | Place    | Note
-------+----------+-------------------------------------------
     0 | D:1      | mdonais the Kobold Reaver began the quest for the Orb.
     0 | D:1      | Reached XP level 1. HP: 12/12 MP: 3/3
    35 | D:1      | Reached skill level 1 in Stealth
    46 | D:1      | Reached XP level 2. HP: 4/16 MP: 3/5
   112 | D:1      | Learned a level 2 spell: Momentum Strike
   347 | D:1      | Learned a level 1 spell: Shock
   878 | D:1      | Reached skill level 1 in Air Magic
   960 | D:2      | Reached XP level 3. HP: 20/20 MP: 2/6
   972 | D:2      | Identified the ring of Joitokh {rN+ Str+2}
  1571 | D:2      | Reached XP level 4. HP: 26/26 MP: 7/7
  2309 | D:3      | Noticed Grinder
  2661 | D:3      | Got the Vellum of Stormy Reformation
  2666 | D:3      | Learned a level 3 spell: Mephitic Cloud
  2682 | D:3      | Found an iron altar of Okawaru.
  3255 | D:3      | Reached XP level 5. HP: 30/30 MP: 7/9
  3393 | D:4      | Reached skill level 1 in Evocations
  3466 | D:4      | Noticed an ogre
  3844 | D:4      | Killed an ogre
  3845 | D:4      | Reached skill level 1 in Alchemy
  3845 | D:4      | Reached XP level 6. HP: 35/35 MP: 3/10
  4414 | D:5      | Entered Level 5 of the Dungeon
  4615 | D:5      | Found a glowing drain.
  4687 | Sewer    | Entered a sewer
  4704 | Sewer    | Reached skill level 4 in Conjurations
  5330 | Sewer    | Reached XP level 7. HP: 40/40 MP: 9/12
  5762 | D:5      | Found a glowing silver altar of Zin.
  6425 | D:5      | Reached skill level 5 in Conjurations
  6425 | D:5      | Reached XP level 8. HP: 46/46 MP: 10/14
  8440 | D:6      | Reached skill level 5 in Spellcasting
  8440 | D:6      | Reached skill level 6 in Conjurations
  8476 | D:6      | Learned a level 4 spell: Brom's Barrelling Boulder
  8870 | D:5      | Reached skill level 7 in Conjurations
  8871 | D:5      | Reached skill level 1 in Earth Magic
  8881 | D:5      | Reached XP level 9. HP: 28/50 MP: 0/16
  9523 | D:6      | Found a hazy altar of Hepliaklqana.
  9530 | D:6      | Became a worshipper of Hepliaklqana the Forgotten
  9671 | D:6      | Learned a level 3 spell: Swiftness
  9840 | D:6      | Reached skill level 5 in Earth Magic
 10078 | D:7      | Noticed Duvessa
 10458 | D:7      | Learned a level 4 spell: Iskenderun's Mystic Blast
 11061 | D:7      | Noticed a hornet
 11217 | D:7      | Noticed Dowan
 11227 | D:7      | Killed Dowan
 11236 | D:7      | Killed Duvessa
 11237 | D:7      | Reached XP level 10. HP: 56/56 MP: 3/19
 11515 | D:3      | Killed Grinder
 11516 | D:3      | Reached skill level 8 in Conjurations
 11729 | D:8      | Found a basalt altar of Yredelemnul.
 11831 | D:8      | Engulfed by a cloud of steam

Illustrated notes

Levels and vault maps discovered:
D:1:      shiori_arrival_oz, layout_loops_ring
D:2:      minmay_roachtagon, layout_basic
D:3:      layout_basic, okawaru_ov_weapons_minmay, uniq_grinder
D:4:      layout_loops_ring, grunt_decor_mini_mirrors, minmay_misc_feat_cross
D:5:      layout_basic, zin_statuary, cheibrodos_sewer_entry_bend
D:6:      layout_rooms, kennysheep_little_box
D:7:      layout_cave_pools, minmay_temple_entry_fiery, amethyst_killhole,
          uniq_duvessa
D:8:      layout_loops_ring, mainiacjoe_overflow_catwalk, serial_shops, shop,
          dreamdust_princess_bridge, wad_floor_pattern_2

Skill      XL: |  1  2  3  4  5  6  7  8  9 10 |
---------------+-------------------------------+-----
Stealth        | 2 3 4 |  4.0
Air Magic      | 1 2 3 |  3.0
Spellcasting   | 3 4 5 6 |  6.3
Evocations     | 2 3 4 |  4.0
Alchemy        | 1 2 |  2.0
Conjurations   | 4 5 7 8 |  8.0
Dodging        | 3 |  3.0
Fighting       | 3 |  3.0
Earth Magic    | 2 6 |  6.3
Short Blades   | |  4.0
Translocations | |  0.2

Action                     |  1- 3 |  4- 6 |  7- 9 | 10-12 || total
---------------------------+-------+-------+-------+-------++-------
  Melee: Short sword       |    40 |       |       |       ||    40
         Rapier            |    37 |    35 |       |       ||    72
         Staff             |       |     2 |     5 |     1 ||     8
         Dagger            |       |       |     2 |       ||     2
   Fire: Sling             |       |       |     1 |       ||     1
  Throw: Dart              |       |       |     1 |       ||     1
   Cast: Kiss of Death     |     1 |       |       |       ||     1
         Shock             |    36 |   138 |   176 |    20 ||   370
         Momentum Strike   |       |     5 |    37 |     1 ||    43
         Mephitic Cloud    |       |     1 |     1 |       ||     2
         Brom's Barrelling |       |       |     9 |     3 ||    12
  Evoke: Wand              |       |       |    17 |       ||    17
    Use: Scroll            |       |     6 |     6 |       ||    12
         Potion            |       |       |     6 |       ||     6
   Stab: Sleeping          |     3 |     2 |       |       ||     5
         Distracted        |     1 |       |       |       ||     1
         Confused          |       |       |     1 |       ||     1
 Armour: Leather armour    |    33 |    32 |   107 |     2 ||   174
         Robe              |       |       |       |    13 ||    13
  Dodge: Dodged            |    53 |    69 |   114 |    11 ||   247
